AoeStats
← King Castilla

Arena

506889077Analyzed
2v2 RM · 18d ago on Sep 15, 2026· 37m 39s· 4 players
Game mode
Random Map
Map size
Medium (4 player)
Population
200
Speed
Normal
Resources
Standard
Victory
Conquest
Starting age
Dark Age
Ending age
Imperial Age
RankedLock teamsTeams togetherTeam positionsShared explorationLock speedFull tech treeHidden civsTurbo modeCheats
Victory
Defeat
🇪🇸 Inca · Spain
1135
+17
🇪🇸 Franks · Spain
1102
+18
🇳🇱 Saracens · Netherlands
1155
-18
🇧🇬 Maya · Bulgaria
1143
-17
[GiGi] Dios
10:38 Feudal Age
12:03 Loom
14:50 Castle Age
13:38 Double-Bit Axe
14:08 Horse Collar
15:36 Town Watch
16:32 Bow Saw
22:47 Heavy Plow
23:35 Fletching
24:59 Gold Mining
25:02 Stone Mining
26:11 Wheelbarrow
28:29 Bodkin Arrow
28:01 Champi Runner
31:45 Imperial Age
29:20 Scale Mail Armor
29:53 Squires
30:18 Forging
30:44 Hand Cart
30:28 Arson
30:37 Champi Warrior
31:54 Iron Casting
32:10 Chain Mail Armor
33:45 Blast Furnace
32:17 Elite Champi Warrior
34:15 Plate Mail Armor
35:52 Conscription
King Castilla
4:55 Loom
11:20 Feudal Age
15:29 Castle Age
14:04 Stone Mining
14:14 Double-Bit Axe
25:56 Wheelbarrow
31:04 Imperial Age
28:52 Town Watch
30:24 Hand Cart
30:10 Town Patrol
30:41 Bow Saw
31:31 Pikeman
33:27 Halberdier
34:54 Forging
34:44 Scale Mail Armor
36:23 Scale Barding Armor
36:54 Iron Casting
36:34 Chain Mail Armor
38:01 Conscription
37:43 Chivalry
commieturtle
10:30 Feudal Age
10:33 Feudal Age
14:38 Castle Age
12:50 Double-Bit Axe
13:06 Horse Collar
14:53 Gold Mining
16:30 Husbandry
17:48 Loom
20:45 Forging
26:56 Wheelbarrow
28:59 Redemption
30:09 Hand Cart
32:25 Gold Shaft Mining
35:18 Imperial Age
33:06 Scale Barding Armor
34:49 Heavy Plow
35:03 Bow Saw
37:23 Chemistry
36:44 Ballistics
37:51 Two-Man Saw
qwka224
11:03 Feudal Age
12:16 Double-Bit Axe
14:45 Castle Age
13:18 Horse Collar
15:45 Bow Saw
15:37 Heavy Plow
21:54 Wheelbarrow
22:42 Gold Mining
23:23 Crossbowman
24:02 Fletching
24:12 Padded Archer Armor
25:40 Town Watch
26:11 Hand Cart
29:53 Imperial Age
28:32 Thumb Ring
28:25 Bodkin Arrow
28:46 Leather Archer Armor
28:46 Stone Mining
29:44 Ballistics
29:37 Loom
30:15 Arbalester
32:12 Two-Man Saw
32:19 Chemistry
34:47 Conscription
Connection lost

Rejoining the realm…

Still unreachable

The connection could not be restored.

Session expired

The server has moved on; the page needs a fresh start.